 Dungeon Crawl Stone Soup version 0.27-a0-1232-gc6a4cbde82 (webtiles) character file.

Game seed: 7204876806211716394

178 Gwenloh the Cudgeller (level 5, -8/44 (45) HPs)
             Began as a Minotaur Abyssal Knight on June 8, 2021.
             Was a Believer of Lugonu.
             Mangled by a wight
             ... wielding a +4 morningstar of freezing
              (17 damage)
             ... on level 3 of the Dungeon.
             The game lasted 00:05:33 (3843 turns).

Gwenloh the Cudgeller (Minotaur Abyssal Knight)     Turns: 3843, Time: 00:05:34

HP:   -8/44 (45)    AC:  3    Str: 16    XL:     5   Next: 32%
MP:   6/6           EV: 11    Int:  9    God:    Lugonu [**....]
Gold: 122           SH:  0    Dex: 11    Spells: 4/4 levels left

rFire    . . .     SeeInvis .   a - +1 mace
rCold    . . .     Faith    .   (no shield)
rNeg     + . .     Spirit   .   b - +0 leather armour
rPois    .         Reflect  .   (helmet restricted)
rElec    .         Harm     .   (no cloak)
rCorr    .         Rampage  .   (no gloves)
Will     .....                  (no boots)
Stlth    +.........             (no amulet)
HPRegen  0.14/turn              d - ring of positive energy
MPRegen  0.10/turn              (no ring)

@: lightly drained
A: horns 2, retaliatory headbutt
a: Renounce Religion, Depart the Abyss, Bend Space


You were on level 3 of the Dungeon.
You worshipped Lugonu.
Lugonu was pleased with you.
You visited 1 branch of the dungeon, and saw 4 of its levels.
You visited the Abyss 1 time.

You collected 161 gold pieces.
You spent 39 gold pieces at shops.

Inventory:

Hand Weapons
 a - a +1 mace (weapon)
Missiles
 g - 22 stones (quivered)
 j - a throwing net
Armour
 b - a +0 leather armour (worn)
 l - a +0 chain mail
Jewellery
 d - a ring of positive energy (left hand)
Scrolls
 c - a scroll of identify {unknown}
 e - a scroll of enchant weapon {unknown}
 i - 3 scrolls of noise {unknown}
 m - 3 scrolls of holy word {unknown}
Potions
 f - 2 potions of curing
 h - a potion of degeneration {unknown}
 k - a potion of heal wounds {unknown}
 n - a potion of lignification {unknown}
 o - a potion of ambrosia {unknown}
 p - a potion of haste {unknown}
 q - a potion of might {unknown}


   Skills:
 - Level 3.6 Fighting
 * Level 5.7 Maces & Flails
 - Level 2.4 Armour
 - Level 1.1 Dodging
 + Level 3.4 Invocations


You had 4 spell levels left.
You didn't know any spells.
Your spell library contained the following spells:

 Spells                   Type           Power      Damage    Failure   Level
 Animate Skeleton         Necr           0%         N/A       43%         1
 Apportation              Tloc           0%         N/A       43%         1
 Corona                   Hex            0%         N/A       43%         1
 Summon Small Mammal      Summ           0%         N/A       43%         1


Dungeon Overview and Level Annotations

Branches:
Dungeon (4/15)
 Temple: D:4-7

Altars:
Elyvilon

Shops:
D:3 *


Innate Abilities, Weirdness & Mutations

You have a pair of horns on your head.
You reflexively headbutt those who attack you in melee.


Message History

The hobgoblin shouts!
You throw a stone. The stone closely misses the hobgoblin.
A wight comes into view.
It is wielding a +4 morningstar of freezing.
You throw a stone. The stone closely misses the hobgoblin.
A wight comes into view. It is wielding a +0 dagger.
You throw a stone. The stone hits the hobgoblin.
The hobgoblin is moderately wounded.
You throw a stone. The stone barely misses the hobgoblin.
You closely miss the hobgoblin. You headbutt the hobgoblin.
You kill the hobgoblin!
Lugonu accepts your kill.
You throw a stone.
The stone hits the wight but does no damage.
You throw a stone. The stone hits the wight.
The wight is lightly damaged.
A wight comes into view. It is wielding a +0 battleaxe.
There is a stone staircase leading up here.
The wight hits you with a +4 morningstar of freezing!
The wight freezes you.
You climb upwards.
There is a stone staircase leading down here.
You fail to use your ability.
The wight closely misses you. Space bends around you!
You blink.
Space bends around you!
You blink.
There is an open door here.
Okay, then.
You hit the wight.
The wight is moderately damaged.
The wight hits you with a +4 morningstar of freezing.
You partially resist.
You feel drained. The wight freezes you.
You hit the wight but do no damage. You headbutt the wight.
The wight is heavily damaged.
The wight hits you with a +4 morningstar of freezing!
* * * LOW HITPOINT WARNING * * *
The wight freezes you.
* * * LOW HITPOINT WARNING * * *
You hit the wight but do no damage. You headbutt the wight.
The wight is heavily damaged.
The wight hits you with a +4 morningstar of freezing!
You die...

###############.####
#.#
..................>#
#.#
#.........#####..#.#
#.# #.........#
#..#z# #.#
#.........# #..#.#
#.# #.........#
#..#.#########'##
#.........#
##.#............#
###########
#z#............#
#######
#@#............#
#.....#
#.#............#
##.....#####
#.#.#########'##
.'.....'...##
#.#...........#
##.....###..#
#>#############
#.....# ##.## #.#
#.....# #..# #.#
#.....# ###'###'###
####### #.........#


You could see a wight.

Vanquished Creatures
  A hound (D:4)
  6 adders
  A dart slug (D:1)
  3 worms
  2 ball pythons (D:3)
  5 endoplasms
  16 giant cockroaches
  6 goblins
  10 hobgoblins
  3 jackals (D:1)
  8 kobolds
  A quokka (D:2)
  3 bats (D:3)
  6 frilled lizards
  9 rats
80 creatures vanquished.

Notes
Turn   | Place    | Note
-------+----------+-------------------------------------------
     0 | Abyss:1  | Gwenloh the Minotaur Abyssal Knight began the quest for the
                  | Orb.
     0 | Abyss:1  | Reached XP level 1. HP: 19/19 MP: 1/1
    76 | D:1      | Escaped the Abyss
   264 | D:1      | Reached skill level 3 in Maces & Flails
   367 | D:1      | Reached XP level 2. HP: 26/26 MP: 2/2
   392 | D:1      | Reached * piety under Lugonu
  1148 | D:2      | Reached XP level 3. HP: 31/31 MP: 3/3
  1427 | D:2      | Reached skill level 4 in Maces & Flails
  2392 | D:3      | Reached XP level 4. HP: 22/39 MP: 5/5
  2544 | D:3      | Reached ** piety under Lugonu
  2757 | D:3      | Found a white marble altar of Elyvilon.
  3032 | D:3      | Found Vovulat's General Store.
  3050 | D:3      | Bought a potion of curing for 39 gold pieces
  3336 | D:3      | Reached skill level 5 in Maces & Flails
  3678 | D:3      | Reached XP level 5. HP: 44/45 MP: 6/6
  3843 | D:3      | Mangled by a wight

Illustrated notes

Levels and vault maps discovered:
D:1:      shiori_arrival_elements, layout_basic
D:2:      layout_basic
D:3:      minmay_roachtagon, layout_basic, lemuel_round_altar, serial_shops,
          shop
D:4:      layout_cave_pools, grunt_temple_overflow_champion_of_chaos,
          amcnicky_altar_gilded, uniq_natasha

Skill      XL: |  1  2  3  4 |
---------------+-------------+-----
Invocations    | 2 3 |  3.4
Maces & Flails | 3 4 5 |  5.7
Fighting       | |  3.6
Armour         | |  2.4
Dodging        | |  1.1

Action                   |  1- 3 |  4- 6 || total
-------------------------+-------+-------++-------
Melee: Mace              |    85 |    87 ||   172
       Headbutt          |     6 |    14 ||    20
Throw: Stone             |    61 |    75 ||   136
Invok: Depart the Abyss  |     1 |       ||     1
       Bend Space        |       |     3 ||     3
Armor: Leather armour    |    14 |    34 ||    48
Dodge: Dodged            |    40 |    49 ||    89

Table legend: (Time is in decaauts)
 A = Elapsed time spent in this place.
 B = Non-inter-level travel time spent in this place.
 C = Inter-level travel time spent in this place.
 D = Time resting spent in this place.
 E = Time spent auto-exploring this place.
 F = Levels seen in this place.
 G = Mean time per level.
                   A        B        C        D        E       F      G
               +--------+--------+--------+--------+--------+-----+--------+
         Total |   3889 |   3748 |    141 |      0 |   3198 |   5 |  777.8 |
       Dungeon |   3813 |   3672 |    141 |      0 |   3123 |   4 |  953.2 |
         Abyss |     76 |     76 |      0 |      0 |     75 |   1 |   76.0 |
               +--------+--------+--------+--------+--------+-----+--------+

Top non-repeatable levels by time:
     D:3: 1361 daAuts
     D:2: 1254 daAuts
     D:1: 1071 daAuts
     D:4: 126 daAuts
 Abyss:1: 76 daAuts
